AoeStats
← konron4880

Yucatan

510543607Analyzed
2v2 RM · 2d ago on Oct 1, 2026· 66m 46s· 4 players
Game mode
Random Map
Map size
Medium (4 player)
Population
200
Speed
Normal
Resources
Standard
Victory
Conquest
Starting age
Dark Age
Ending age
Imperial Age
RankedLock teamsTeams togetherTeam positionsShared explorationLock speedFull tech treeHidden civsTurbo modeCheats
Victory
Defeat
🇺🇸 Slavs · United States
1237
+13
🇬🇧 Saxons · United Kingdom
1097
+18
🇹🇼 Bohemians · Taiwan
1165
-16
🇹🇼 Danes · Taiwan
1152
-15
EN_Tsai
10:17 Feudal Age
8:33 Loom
14:14 Castle Age
12:32 Double-Bit Axe
17:42 Bow Saw
22:42 Fletching
33:35 Wheelbarrow
32:49 Town Watch
33:38 Bodkin Arrow
35:00 Hand Cart
38:25 Coinage
37:55 Caravan
39:52 Caravan
40:59 Pikeman
41:39 Squires
47:48 Imperial Age
47:30 Forging
47:20 Scale Mail Armor
47:26 Scale Barding Armor
48:07 Padded Archer Armor
48:22 Wagenburg Tactics
47:46 Light Cavalry
48:51 Halberdier
51:37 Banking
51:18 Guilds
52:13 Iron Casting
51:53 Chain Mail Armor
51:58 Chain Barding Armor
51:39 Bracer
53:17 Ballistics
54:17 Chemistry
55:57 Hussite Reforms
57:28 Blast Furnace
56:58 Plate Mail Armor
56:44 Leather Archer Armor
57:49 Block Printing
57:59 Illumination
57:35 Devotion
57:56 Sanctity
57:37 Atonement
57:47 Fervor
58:51 Redemption
59:14 Careening
59:09 Siege Engineers
61:19 Plate Mail Armor
63:21 Theocracy
White_Tsai
5:12 Loom
11:00 Feudal Age
15:46 Castle Age
19:39 Scale Mail Armor
19:50 Forging
19:53 Double-Bit Axe
22:31 Squires
24:35 Horse Collar
25:14 Bow Saw
26:47 Chain Mail Armor
28:28 Gambesons
29:50 Fletching
31:10 Gambesons
32:46 Heavy Plow
37:34 Bodkin Arrow
40:30 Imperial Age
39:02 Man-at-Arms
40:56 Long Swordsman
42:13 Conscription
41:41 Two-Handed Swordsman
42:56 Champion
45:11 Gambesons
49:07 Gold Mining
49:23 Caravan
50:43 Plate Mail Armor
50:48 Iron Casting
50:43 Plate Mail Armor
50:55 Iron Casting
51:49 Pikeman
52:27 Halberdier
54:43 Conscription
61:22 Bracer
62:23 Blast Furnace
J Stacks
8:51 Loom
10:36 Feudal Age
11:27 Double-Bit Axe
12:13 Man-at-Arms
14:13 Forging
14:06 Scale Mail Armor
14:16 Forging
15:29 Wheelbarrow
16:32 Horse Collar
21:43 Castle Age
22:12 Long Swordsman
22:53 Squires
24:51 Chain Mail Armor
31:39 Gold Mining
33:31 Fletching
35:35 Scale Barding Armor
41:25 Imperial Age
42:20 Chain Barding Armor
43:16 Conscription
42:31 Two-Handed Swordsman
45:06 Plate Barding Armor
45:07 Iron Casting
45:42 Bow Saw
45:40 Heavy Plow
47:55 Gold Shaft Mining
49:41 Blast Furnace
50:20 Ballistics
51:19 Elite Boyar
52:48 Hand Cart
52:36 Murder Holes
53:45 Chemistry
53:18 Champion
55:45 Plate Mail Armor
56:58 Druzhina
57:35 Hoardings
60:33 Bloodlines
60:24 Husbandry
konron4880
9:44 Loom
11:29 Feudal Age
13:10 Town Watch
14:40 Double-Bit Axe
18:57 Castle Age
17:41 Arson
17:59 Scale Mail Armor
18:10 Forging
19:38 Stone Mining
20:47 Gold Mining
21:30 Fortified Wall
21:31 Masonry
22:28 Wheelbarrow
23:12 Treadmill Crane
23:34 Fletching
27:10 Horse Collar
34:03 Squires
33:23 Pikeman
34:13 Fletching
35:10 Bow Saw
38:07 Imperial Age
35:50 Heavy Plow
36:47 Redemption
37:20 Clerical Recruitment
38:31 Hand Cart
38:17 Town Patrol
38:54 Sanctity
38:38 Devotion
39:06 Block Printing
40:19 Illumination
40:25 Conscription
40:41 Gambesons
40:58 Bodkin Arrow
41:19 Chain Mail Armor
41:19 Shield Wall
43:40 Atonement
44:01 Elite Varangian Guard
45:50 Hoardings
47:57 Halberdier
49:11 Plate Mail Armor
49:17 Iron Casting
48:43 Bracer
48:28 Elite Hearth Troop
51:55 Padded Archer Armor
52:26 Murder Holes
52:54 Ballistics
54:10 Architecture
54:41 Chemistry
59:15 Husbandry
59:26 Bloodlines
58:37 Cavalier
58:43 Light Cavalry
60:10 Capped Ram
62:14 Hussar
Connection lost

Rejoining the realm…

Still unreachable

The connection could not be restored.

Session expired

The server has moved on; the page needs a fresh start.